 Dungeon Crawl Stone Soup version 0.32-a0-314-g526f7d4993 (webtiles) character file.

Game seed: 4634793540134388075

263 Essalna the Magician (level 5, -1/29 HPs)
             Began as a Deep Elf Earth Elementalist on Feb 16, 2024.
             Slain by a killer bee (5 damage)
             ... on level 6 of the Dungeon.
             The game lasted 00:04:36 (2966 turns).

Essalna the Magician (Deep Elf Earth Elementalist)  Turns: 2966, Time: 00:04:36

Health: -1/29      AC:  4    Str:  2 (5)  XL:     5   Next: 97%
Magic:  29/32      EV:  9    Int: 23 (25) God:
Gold:   148        SH:  4    Dex: 12 (15) Spells: 9/13 levels left

rFire   . . .        l - +11 falchion of Agyihiruh {vamp, Fly rElec rC+++ Int+3}
rCold   + + +        q - +0 buckler
rNeg    . . .        h - +0 leather armour
rPois   .            (no helmet)
rElec   +            (no cloak)
rCorr   .            n - +0 pair of gloves
SInv    .            (no boots)
Will    .....        (no amulet)
Stlth   ++           o - ring of magical power
HPRegen 0.24/turn    v - ring of magical power
MPRegen 0.23/turn

%: no passive effects
@: lethally poisoned (-1 -> -10), flying
A: no striking features
a: no special abilities


You were on level 6 of the Dungeon.
You visited 1 branch of the dungeon, and saw 5 of its levels.

You collected 148 gold pieces.

Inventory:

Hand Weapons
 f - a +0 short sword
 i - a +0 dagger of venom
 l - the +11 falchion of Agyihiruh (weapon) {vamp, Fly rElec rC+++ Int+3}
   (You found it on level 2 of the Dungeon)

   Int+3:     It affects your intelligence (+3).
   rC+++:     It renders you almost immune to cold.
   rElec:     It insulates you from electricity.
   Fly:       It grants you flight.
Armour
 a - a +0 robe
 h - a +0 leather armour (worn)
 n - a +0 pair of gloves (worn)
 q - a +0 buckler (worn)
Jewellery
 o - a ring of magical power (left hand)
 t - a ring of resist corrosion
 v - a ring of magical power (right hand)
Scrolls
 c - 3 scrolls of teleportation {unknown}
 g - 2 scrolls of amnesia {unknown}
 m - a scroll of poison {unknown}
 p - a scroll of enchant armour {unknown}
 r - a scroll of identify {unknown}
 u - a scroll of revelation {unknown}
 x - a scroll of brand weapon {unknown}
Potions
 b - a potion of magic
 d - a potion of mutation {unknown}
 e - 2 potions of degeneration
 j - a potion of enlightenment {unknown}
 k - a potion of heal wounds
 s - a potion of might {unknown}
 w - a potion of cancellation {unknown}


   Skills:
 + Level 1.0 Fighting
 + Level 1.0 Armour
 + Level 3.0 Dodging
 - Level 2.4 Stealth
 + Level 1.0 Shields
 + Level 4.9 Spellcasting
 + Level 3.1 Conjurations
 + Level 4.5 Earth Magic


You had 9 spell levels left.
You knew the following spells:

 Your Spells              Type           Power      Damage    Failure   Level
a - Sandblast             Erth           52%        2d12      8%          1
b - Stone Arrow           Conj/Erth      46%        3d9       30%         3

Your spell library contained the following spells:

 Spells                   Type           Power      Damage    Failure   Level
 Passwall                 Erth           26%        N/A       24%         3
 Brom's Barrelling Bould  Conj/Erth      23%        2d4       71%         4
 Petrify                  Alch/Erth      16%        N/A       89%         4


Dungeon Overview and Level Annotations

Branches:
Dungeon (6/15)
 Temple: D:4-7

Altars:

Annotations:
D:6 1 runed translucent door, flt's ghost, novice KoBr


Message History

The adder bites you.
* * * LOW HITPOINT WARNING * * *
You are more poisoned.
The adder poisons you! You block the killer bee's attack. The adder misses you.
The killer bee stings you.
* * * LOW HITPOINT WARNING * * *
You are more poisoned.
The killer bee poisons you!
It was a potion of heal wounds.
You feel much better.
You feel very sick. The killer bee closely misses you.
The adder closely misses you. The killer bee stings you.
An ogre comes into view. It is wielding a +0 giant club.
You feel very sick.
The ogre shouts!
The killer bee stings you.
You are lethally poisoned!
The killer bee poisons you! The adder completely misses you.
The killer bee barely misses you.
You fly downwards.
Level annotation: 1 runed translucent door, flt's ghost, novice KoBr You feel very sick.
There is a stone staircase leading up here.
Casting: Sandblast (safe; 8% risk of failure)
Confirm with . or Enter, or press ? or * to list all spells.
Aiming: Sandblast (safe; 8% risk of failure)
Press: ? - help, Shift-Dir - straight line, f - killer bee
Aim: a killer bee (65% to hit)
The blast of sand hits the killer bee!
The killer bee is heavily wounded.
* * * LOW HITPOINT WARNING * * *
You feel very sick. The killer bee stings you.
* * * LOW HITPOINT WARNING * * *
The adder bites you.
* * * LOW HITPOINT WARNING * * *
You block the killer bee's attack. The adder bites you.
* * * LOW HITPOINT WARNING * * *
The killer bee stings you.
You die...

#. #. #. #.
#.######.#
#.......
#..y.######
#S@..#W~S~~
#....+r~~~?
#####.$.#~~~~~
#.......#######
#.####....###.#
+........##
#.........#
#.........#
#.........#######


You could see a killer bee, flt's ghost, an adder, a river rat and a ball python
(wandering).

Vanquished Creatures
  2 killer bees (D:5)
  Terence (D:2)
  An iguana (D:6)
  3 adders
  3 dart slugs
  An orc (D:6)
  8 endoplasms
  3 giant cockroaches
  4 goblins
  5 hobgoblins
  5 kobolds
  2 quokkas
  A ball python (D:2)
  4 bats
  2 frilled lizards
  10 rats
55 creatures vanquished.

Notes
Turn   | Place    | Note
-------+----------+-------------------------------------------
     0 | D:1      | Essalna the Deep Elf Earth Elementalist began the quest for
                  | the Orb.
     0 | D:1      | Reached XP level 1. HP: 10/10 MP: 6/6
   238 | D:1      | Reached XP level 2. HP: 15/15 MP: 6/8
   520 | D:1      | Reached XP level 3. HP: 19/19 MP: 8/10
  1253 | D:2      | Noticed Terence
  1258 | D:2      | Killed Terence
  1259 | D:2      | Reached XP level 4. HP: 18/24 MP: 7/12
  1398 | D:2      | Identified the +11 falchion of Agyihiruh {vamp, Fly rElec
                  | rC+++ Int+3}
  1692 | D:2      | Learned a level 3 spell: Stone Arrow
  2352 | D:3      | Identified the +1 robe "Maenuito" {Will+ rCorr Str-3}
  2792 | D:3      | Reached XP level 5. HP: 28/28 MP: 13/13
  2816 | D:3      | You are sucked into a shaft and drop 3 floors!
  2951 | D:6      | Found a runed translucent door.
  2952 | D:6      | Noticed flt's ghost (novice KoBr)
  2957 | D:5      | Entered Level 5 of the Dungeon
  2961 | D:5      | Reached skill level 1 in Fighting
  2961 | D:5      | Reached skill level 1 in Armour
  2961 | D:5      | Reached skill level 1 in Shields
  2963 | D:5      | Noticed an ogre
  2966 | D:6      | Slain by a killer bee

Illustrated notes

Levels and vault maps discovered:
D:1:      hellmonk_arrival_library, layout_loops_corners,
          minmay_misc_feat_secret_circle, nicolae_figureground_sparkle
D:2:      layout_loops_ring, nicolae_hexahallways, uniq_terence
D:3:      layout_loops_cross, minmay_starry_boxes
D:5:      layout_basic, mainiacjoe_overflow_brackets
D:6:      old_forge, layout_basic, lemuel_crystal_altar, ebering_ghost_sewer_f

Skill      XL: |  1  2  3  4  5 |
---------------+----------------+-----
Conjurations   | 2 3 |  3.1
Spellcasting   | 4 |  4.9
Earth Magic    | 4 |  4.5
Fighting       | 1 |  1.0
Armour         | 1 |  1.0
Dodging        | 3 |  3.0
Shields        | 1 |  1.0
Stealth        | |  2.4

Action                     |  1- 3 |  4- 6 || total
---------------------------+-------+-------++-------
  Melee: Dagger            |     3 |       ||     3
         Falchion          |       |     4 ||     4
   Cast: Sandblast         |    33 |    45 ||    78
    Use: Potion            |       |     2 ||     2
 Armour: Robe              |     3 |       ||     3
         Leather armour    |     3 |    19 ||    22
  Dodge: Dodged            |     6 |    14 ||    20
  Block: Buckler           |       |     4 ||     4

Table legend: (Time is in decaauts)
 A = Elapsed time spent in this place.
 B = Non-inter-level travel time spent in this place.
 C = Inter-level travel time spent in this place.
 D = Time resting spent in this place.
 E = Time spent auto-exploring this place.
 F = Levels seen in this place.
 G = Mean time per level.
                   A        B        C        D        E       F      G
               +--------+--------+--------+--------+--------+-----+--------+
         Total |   3001 |   2877 |    124 |      0 |   2526 |   5 |  600.2 |
       Dungeon |   3001 |   2877 |    124 |      0 |   2526 |   5 |  600.2 |
               +--------+--------+--------+--------+--------+-----+--------+

Top non-repeatable levels by time:
     D:1: 1253 daAuts
     D:2: 930 daAuts
     D:3: 663 daAuts
     D:6: 145 daAuts
     D:5: 9 daAuts
